Unix NetHack Version 5.0.0-0 post-release - last build Jun 10 2026 00:39:30 (3ee93aec679c4c4259841fe613dc97188e26a321,branch:main).

Game began 2026-06-17 07:03:01, ended 2026-06-17 07:12:51.

LDaviesPeters, lawful female human Archeologist

                                            --            -
                                           --.--     ---  .
                                         ---....    --.- .-
                                         .......  --|.. |.|
                                           ......`|.|..-..
                                              ...........-
                                                .G.......|
                                                 -.......|
                                                  -.G...--
                                                 --.)....-----
                                                 |...@--...|.---
                                                 |..(.||..)<...-
                                                 |.--.--..........|
                                                 -  --...........--
                                                     |...........!|
                                                     --.....----..|
                                                      -------   ---

LDaviesPeters the Field Worker  St:16 Dx:9 Co:12 In:16 Wi:14 Ch:9  Lawful
Dlvl:4  $:0  HP:0(19) Pw:11(11) AC:9  Xp:3 T:851 

Latest messages:
 You begin to memorize the runes.
 You learn the "healing" spell.
 You see here an empty unlocked large box.
 You put a spellbook of healing into the large box.
 The door opens.
 You swap places with your kitten.
 You kill the newt!
 You swap places with your kitten.
 What do you want to use or apply? [abfgk or ?*] b
 There is a black flash as an effervescent potion hits the altar.
 A yellow potion lands on the altar.
 u - a cursed effervescent potion.
 t - an uncursed yellow potion.
 You hear bubbling water.
 You see here a spear.
 You see here an unlocked large box containing 1 item.
 What do you want to use or apply? [abfgk or ?*] b
 You put a cursed effervescent potion into the sack.
 You put an uncursed yellow potion into the sack.
 You descend the stairs.
 You hear water falling on coins.
 You descend the stairs.
 You lash the gnome!
 The gnome hits!
 You kill the gnome!
 The gnome hits!
 You lash the gnome!
 You kill the gnome!
 Welcome to experience level 3.
 The gnome picks up a bow.
 You kill the gnome!
 You see here a fortune cookie.
 x - a fortune cookie.
 The gnome wields a crossbow!
 You lash the gnome!
 You miss the gnome.
 The gnome hits!
 You kill the gnome!
 The gnome shoots 2 crossbow bolts!
 You are hit by the 1st crossbow bolt.
 You are hit by the 2nd crossbow bolt!
 You see here a tin opener.
 The gnome shoots 2 crossbow bolts!
 You are hit by the 1st crossbow bolt!
 You are hit by the 2nd crossbow bolt.
 You hear the wailing of the Banshee...
 The gnome lord shoots an arrow!
 You are hit by an arrow.
 You die...
 Do you want your possessions identified? [ynq] (y) q

Inventory:
 Weapons  (')')
  a - a +2 bullwhip (weapon in right hand)
 Armor    ('[')
  c - an uncursed +0 fedora (being worn)
  h - an uncursed +0 leather jacket (being worn)
 Comestibles  ('%')
  d - 5 uncursed food rations
  x - an uncursed fortune cookie
 Tools    ('(')
  b - an uncursed sack containing 12 items
  k - an uncursed credit card
  f - a tinning kit (0:36)
 Gems/Stones  ('*')
  g - an uncursed touchstone

Contents of the sack:
  158 gold pieces
  a blessed scroll of scare monster
  an uncursed potion of see invisible
  an uncursed potion of speed
  an uncursed potion of enlightenment
  an uncursed potion of blindness
  an uncursed potion of object detection
  a cursed potion of object detection
  an uncursed potion of levitation
  an uncursed potion of healing
  an uncursed potion of gain energy
  a +0 pick-axe

LDaviesPeters the Archeologist's attributes:

Background:
 You were a Field Worker, a level 3 female human Archeologist.
 You were lawful, on a mission for Quetzalcoatl
 who was opposed by Camaxtli (neutral) and Huhetotl (chaotic).
 You were right-handed.
 You were in the Gnomish Mines, on level 4.
 You entered the dungeon 851 turns ago.
 There was a new moon in effect when your adventure ended.
 You had 56 experience points, 24 more were needed to attain level 4.

Basics:
 You had 0 out of 19 hit points.
 You had all 11 energy points (spell power).
 Your armor class was 9.
 Your wallet was empty, but
 you had 158 zorkmids stashed away in your pack.
 Autopickup was off.

Final Characteristics:
 Your strength was 16 (limit:18/100).
 Your dexterity was 9 (limit:18).
 Your constitution was 12 (limit:18).
 Your intelligence was 16 (limit:18).
 Your wisdom was 14 (limit:18).
 Your charisma was 9 (limit:18).

Final Status:
 You weren't hungry.
 You were unencumbered.
 You were wielding a whip.
 You had basic skill with whip.

Final Attributes:
 You were fervently aligned.
 You had automatic searching.
 You were lucky.
 You are dead.

Miscellaneous:
 You didn't encounter any bones levels.
 Total elapsed playing time was 9 minutes and 49 seconds.

Major events:
 Turn
    1: LDaviesPeters the lawful female human Archeologist entered the dungeon
  823: entered the Gnomish Mines
  829: attained the rank of Field Worker (level 3)
  851: killed by an arrow

Spells:
 Name                 Level Category     Fail Retention
 healing                1   healing        0%  76%-100%

Skills:
 Fighting Skills
   bare handed combat [Unskilled]
   two weapon combat  [Unskilled]
   riding             [Unskilled]
 Weapon Skills
   dagger             [Unskilled]
   knife              [Unskilled]
   pick-axe           [Basic]
   short sword        [Unskilled]
   saber              [Unskilled]
   club               [Unskilled]
   quarterstaff       [Unskilled]
   sling              [Unskilled]
   dart               [Unskilled]
   boomerang          [Unskilled]
   whip               [Basic]
   unicorn horn       [Unskilled]
 Spellcasting Skills
   attack spells      [Unskilled]
   healing spells     [Unskilled]
   divination spells  [Unskilled]
   matter spells      [Unskilled]

Voluntary challenges:
 Character rerolling was not enabled.
 You never genocided any monsters.
 You never polymorphed an object.
 You never changed form.
 You used no wishes.
Achievements:
 You entered a shop.
 You entered the Gnomish Mines.
 You attained the rank of Field Worker.

 The Dungeons of Doom: levels 1 to 3
    Level 1:
       Many fountains.
    Level 2:
       A potion shop, an altar, a fountain.
    Level 3:
       Stairs down to The Gnomish Mines.
 The Gnomish Mines:
    Level 4: <- You were here.
       Final resting place for
          you, killed by an arrow.


Vanquished creatures:
  4 gnomes
  4 jackals
  2 sewer rats
  2 grid bugs
  4 lichens
  7 newts
23 creatures vanquished.

No species were genocided or became extinct.

Game over:
                       ----------
                      /          \
                     /    REST    \
                    /      IN      \
                   /     PEACE      \
                  /                  \
                  |  LDaviesPeters   |
                  |      158 Au      |
                  |   killed by an   |
                  |      arrow       |
                  |                  |
                  |                  |
                  |       2026       |
                 *|     *  *  *      | *
        _________)/\\_//(\/(/\)/\//\/|_)_______

Goodbye LDaviesPeters the Archeologist...

You died in The Gnomish Mines on dungeon level 4 with 517 points,
and 158 pieces of gold, after 851 moves.
You were level 3 with a maximum of 19 hit points when you died.

